 Dungeon Crawl Stone Soup version 0.28.0-1-gb440e238dd (webtiles) character file.

Game seed: 1560432670510688010

34 Hasart the Insei (level 3, 0/23 HPs)
             Began as an Octopode Transmuter on Feb 19, 2022.
             Slain by a quokka (4 damage)
             ... on level 2 of the Dungeon.
             The game lasted 00:01:55 (1757 turns).

Hasart the Insei (Octopode Transmuter)              Turns: 1757, Time: 00:01:56

Health: 0/23       AC:  1    Str:  9    XL:     3   Next: 31%
Magic:  6/6        EV: 13    Int: 17    God:
Gold:   59         SH:  0    Dex: 12    Spells: 5/6 levels left

rFire   . . .      SeeInvis .     - Unarmed
rCold   . . .      Faith    .   (no shield)
rNeg    . . .      Spirit   .   (helmet restricted)
rPois   .          Reflect  .   (no amulet)
rElec   .          Harm     .   (no ring)
rCorr   .          Rampage  .   (no ring)
Will    .....                   (no ring)
Stlth   ++........              (no ring)
HPRegen 0.07/turn               (no ring)
MPRegen 0.10/turn               (no ring)
                                (no ring)
                                (no ring)

@: no status effects
A: almost no armour, amphibious, 8 rings, camouflage 1, gelatinous body 1,
(nimble swimmer 1), tentacles
a: no special abilities


You were on level 2 of the Dungeon.
You visited 1 branch of the dungeon, and saw 2 of its levels.

You collected 59 gold pieces.

Inventory:

Scrolls
 a - a scroll of noise {unknown}
 c - a scroll of blinking {unknown}
Potions
 b - a potion of curing {unknown}
 d - a potion of flight {unknown}


   Skills:
 + Level 1.4 Fighting
 + Level 2.3 Dodging
 * Level 3.5 Unarmed Combat
 + Level 2.2 Spellcasting
 + Level 2.3 Transmutations


You had 5 spell levels left.
You knew the following spells:

 Your Spells              Type           Power      Damage    Failure   Level
a - Beastly Appendage     Tmut           18%        N/A       8%          1

Your spell library contained the following spells:

 Spells                   Type           Power      Damage    Failure   Level
 Wereblood                Tmut           9%         N/A       11%         2
 Spider Form              Tmut/Pois      5%         N/A       34%         3
 Ice Form                 Ice/Tmut       5%         N/A       75%         4


Dungeon Overview and Level Annotations

Branches:
Dungeon (2/15)

Altars:

Shops:
D:1 *


Innate Abilities, Weirdness & Mutations

You cannot wear most types of armour.
You are amphibious.
You can wear up to eight rings at the same time.
Your skin changes colour to match your surroundings (Stealth+).
Your rubbery body absorbs attacks. (AC +1, EV +1)
((You are camouflaged when in or above water. (Stealth+)))
You have tentacles for arms and can constrict up to eight enemies at once.


Message History

You tentacle-slap the jackal.
The jackal is almost dead.
You constrict the jackal, but do no damage.
The jackal closely misses you. The jackal misses you.
You barely miss the jackal.
The jackal is almost dead.
You constrict the jackal, but do no damage.
The jackal barely misses you. x2; The jackal bites you.
The jackal barely misses you.
Unknown command.
You tentacle-slap the jackal but do no damage.
The jackal is severely wounded.
You constrict the jackal.
You kill the jackal!
The jackal bites you. The quokka closely misses you.
Unknown command.
You miss the quokka. Your grab misses the quokka.
Your squeeze misses the quokka. The jackal barely misses you.
The quokka misses you.
Unknown command.
You barely miss the quokka. You grab the quokka. You constrict the quokka.
The jackal bites you but does no damage.
The quokka bites you. The jackal closely misses you.
Unknown command.
You are too injured to fight recklessly!
You closely miss the jackal. Your grab misses the jackal.
Your squeeze misses the jackal. You constrict the quokka.
The jackal closely misses you.
The quokka bites you but does no damage.
You tentacle-slap the jackal. You grab the jackal.
The jackal is lightly wounded.
You constrict the quokka. You constrict the jackal. The jackal bites you.
* * * LOW HITPOINT WARNING * * *
The quokka bites you.
* * * LOW HITPOINT WARNING * * *
You tentacle-slap the jackal. You squeeze the jackal.
You kill the jackal!
You constrict the quokka, but do no damage.
The quokka bites you.
You die...

..##..............#
..........#########
##......# #.....##
#..)..# ###.....##
.........#
..........########
..........@r......
##.#.....#........
..........>......
.................
.........########
.........# ......:.
.#.###


You could see a quokka.

Vanquished Creatures
  4 ball pythons
  3 endoplasms (D:1)
  3 goblins
  3 hobgoblins (D:1)
  6 jackals
  2 quokkas (D:1)
  3 bats (D:1)
  2 frilled lizards (D:1)
  2 kobolds (D:1)
  3 rats (D:1)
31 creatures vanquished.

Notes
Turn   | Place    | Note
-------+----------+-------------------------------------------
     0 | D:1      | Hasart the Octopode Transmuter began the quest for the Orb.
     0 | D:1      | Reached XP level 1. HP: 13/13 MP: 3/3
   180 | D:1      | Found Pisoxzuxt's General Store.
   321 | D:1      | Reached XP level 2. HP: 9/18 MP: 5/5
   942 | D:1      | Reached XP level 3. HP: 5/23 MP: 6/6
  1651 | D:2      | Found a faded altar of an unknown god.
  1757 | D:2      | Slain by a quokka

Illustrated notes

Levels and vault maps discovered:
D:1:      minmay_arrival_arboretum_small, layout_basic, serial_shops,
          nicolae_shop_crystal
D:2:      layout_rooms, basic_ecumenical_altar, kennysheep_boxes

Action                   || total
-------------------------++-------
Melee: Unarmed           ||    75
       Constrict         ||    20
       Tentacles         ||    15
       Punch             ||     1
 Stab: Sleeping          ||     4
Armor: Skin              ||     5
Dodge: Dodged            ||    47
